← All builds
Geo / Armada / Economy first / OBSERVED BUILD

Sharpshooter snipers

Geo pushes to an Advanced Bot Lab and fields Sharpshooter snipers from 8:17 with Smuggler and Welder support, but units mostly fight defensively on the team's own side rather than advancing.

#t2 · 16 distinct matches · 11 players · 1% of Armada Geo games · team won 38% of 16 · Recently observed

THE CATCH, AND WHAT COMES WITH IT
  • SharpshooterT2 bot snipers from 8:17 · 3% of role by thenFrom the Advanced Bot Lab. Only 3% of Geo games have it by then; others who build it get it around 9:11
  • Advanced Bot LabAdvanced Bot Lab in 100%7% of all Geo games by then
  • SmugglerJammer bot in 81%2% of all Geo games by then
  • WelderWelder in 50%3% of all Geo games by then
  • SharpshooterSniper bot in 44%1% of all Geo games by then

Where those units first fight, in 16 games with kill data: in the middle 69%, on their own side 31%.

Those units destroy a typical 3,708 metal of enemy units by 15:00.

Then transitions into Welder (16% of army), blitz (10% of army).

HOW TO PLAY IT

Key timing: Advanced Bot Lab by 7:19

  1. Open mex and wind, get Bot Lab and geothermal up fast.
  2. Rush Advanced Bot Lab well ahead of the usual T2 vehicle timing.
  3. Push Sharpshooter sniper bots to snipe at the middle.
  4. Add jammer bot support alongside the sniper push.
  5. Transition into Welder T2 bot riot for the standard follow-up.

Phase by phase

TYPICAL OF ITS 16 GAMES · AGAINST STANDARD GEO
  1. 1
  2. 2
  3. 3
  4. 4
  5. 5
PLAY THE OPENING

Follow the example game's first 9:18 step by step: what to build now, what comes next, and where it goes. At 1× it keeps pace with your own game.

  1. 1

    Up to the Bot Lab

    Economy
    • Metal Extractor3Mex
    • Wind Turbine4Wind
    Order
    1. Bot LabBot Lab after 3 mex, 4 winddone ~1:08, middle half 0:54–1:20

    By 0:52 in all: 3 mex · 4 wind

    The example game in this phase · 3 steps
    1. Mex ×3
    2. Wind ×3
    3. Bot LabBot Labdone 1:09 · typical 1:08
  2. 2

    Bot Lab to 5:00

    Economy
    • Metal Extractor2Mex
    • Wind Turbine5Wind+2 vs standard
    • Energy Converter7Converter
    • Energy Storage1Energy storage
    Order
    1. Geothermal PowerplantGeo after 4 mex, 7 wind, 1 energy storage
    Builders
    • Construction Turret4 Con turret
    • Lazarus4 Lazarus
    • Construction Bot2 Con bot
    • Construction Bot1 Con bot for allies
    • Lazarus1 Lazarus for allies

    By 5:00 in all: 4 mex · 7 wind · 1 geo · 7 converter · 1 energy storage · 4 con turret

    The example game in this phase · 23 steps
    1. Construction BotCon bot
    2. Wind ×2
    3. Construction BotCon botfor Air
    4. Wind ×4
    5. Mex
    6. LazarusLazarus
    7. Energy storage
    8. Con turret
    9. Construction BotCon bot
    10. Converter
    11. Solar
    12. LazarusLazarus
    13. Solar
    14. Converter
    15. Con turret
    16. Wind
    17. Con turret
    18. Wind
    19. TickTick
    20. Wind ×2
    21. Advanced Construction BotT2 con botfor Geo
    22. Wind
    23. Solar
  3. 3

    5:00 to Advanced Bot Lab

    Order
    1. Advanced Geothermal PowerplantAdvanced Geothermal Powerplant after 7 wind, 12 converter, 7 con turretin 50% of games
    2. Advanced Bot LabAdvanced Bot Lab after 9 wind, 10 converter, 7 con turretdone ~7:45, middle half 5:25–8:50

    Some games also: con turret (50%) · Advanced Geothermal Powerplant (50%) · converter (44%) · wind (38%) · energy storage (31%)

    By 6:41 in all: 4 mex · 9 wind · 1 geo · 10 converter · 1 energy storage · 7 con turret

    The example game in this phase · 1 step
    1. Advanced Bot LabAdvanced Bot Labdone 4:45 · typical 7:45
  4. 4

    Advanced Bot Lab to T2 bot snipers

    Order
    1. SharpshooterT2 bot snipers after 12 wind, 10 converter, 7 con turretdone ~8:27, middle half 7:44–9:14

    By 8:14 in all: 4 mex · 12 wind · 1 geo · 1 Advanced Geothermal Powerplant · 10 converter · 1 energy storage

    The example game in this phase · 15 steps
    1. Advanced Metal ExtractorT2 mexdone 5:33 · typical 5:44
    2. Wind
    3. Advanced Construction BotT2 con botfor Air
    4. Wind
    5. Solar
    6. Wind
    7. Solar
    8. Advanced Metal ExtractorT2 mex ×2
    9. Wind ×2
    10. Advanced Construction BotT2 con botfor Geo sea
    11. Wind ×3
    12. ButlerButler
    13. Wind ×2
    14. ButlerButler
    15. SharpshooterSniper botdone 7:55 · typical 8:27
  5. 5

    T2 bot snipers to 10:00

    Army
    • Sharpshooter2 Sniper bot +2 vs standard

    Some games also: T2 con bot for allies (44%) · wind (44%) · jammer bot (44%) · radar bot (38%) · Welder (31%)

    The standard build makes here, this one skips: 4 wind

    By 10:00 in all: 4 mex · 24 wind · 1 geo · 1 Advanced Geothermal Powerplant · 10 converter (standard 16) · 2 energy storage

    The example game in this phase · 136 steps
    1. Wind
    2. Advanced Metal ExtractorT2 mex
    3. Wind
    4. SharpshooterSniper bot
    5. Wind
    6. HoundHoundfor Pond
    7. Wind
    8. HoundHoundfor Pond
    9. Wind
    10. HoundHoundfor Pond
    11. Wind
    12. HoundHoundfor Pond
    13. Wind ×2
    14. Advanced Construction BotT2 con botfor Pond
    15. Wind
    16. Converter
    17. Wind
    18. ButlerButler
    19. Wind
    20. ButlerButlerfor Geo sea
    21. Wind ×2
    22. Advanced Construction BotT2 con botfor Beach sea
    23. Wind ×2
    24. ButlerButler
    25. Converter
    26. ButlerButler
    27. Wind ×2
    28. ButlerButler
    29. Wind ×5
    30. Converter
    31. Wind ×4
    32. Advanced Construction BotT2 con bot
    33. Wind ×2
    34. ButlerButler
    35. Wind ×2
    36. ButlerButler
    37. Wind ×2
    38. Converter
    39. Wind
    40. ButlerButler
    41. Wind
    42. ButlerButler
    43. Wind
    44. ButlerButler
    45. Wind ×6
    46. Advanced Construction BotT2 con bot
    47. Wind ×6
    48. ButlerButler
    49. Wind
    50. Converter
    51. Fusion ReactorFusiondone 14:29
    52. Wind
    53. Converter
    54. Wind ×2
    55. ButlerButler
    56. Wind ×3
    57. RattlesnakeRattlesnakedone 14:14
    58. Wind ×2
    59. ButlerButler
    60. Wind ×4
    61. Converter
    62. Wind ×3
    63. ButlerButler
    64. Wind
    65. Converter
    66. Wind ×3
    67. Converter
    68. Metal storage
    69. UmbrellaAnti-nukedone 13:30
    70. Wind ×7
    71. Converter
    72. Wind
    73. Converter
    74. Wind ×3
    75. Converter ×2
    76. Wind ×3
    77. Converter ×2
    78. Wind ×4
    79. Converter ×2
    80. Wind ×2
    81. Converter
    82. Wind
    83. Converter
    84. Wind
    85. Converter
    86. Wind ×3
    87. Converter ×2
    88. Wind ×2
    89. Converter
    90. Wind ×2
    91. Converter
    92. Wind ×2
    93. Converter
    94. Wind
    95. Converter
    96. Wind ×5
    97. Converter
    98. Wind ×3
    99. Converter
    100. Wind ×4
    101. Converter
    102. Wind ×2
    103. Converter
    104. Wind ×2
    105. Converter
    106. Wind
    107. Converter
    108. Wind ×3
    109. Converter
    110. Wind ×3
    111. ArbalestArbalest
    112. Wind
    113. Converter
    114. Wind ×4
    115. Converter
    116. Wind
    117. Converter
    118. Wind ×6
    119. Converter
    120. Wind
    121. Con turret
    122. T2 converter
    123. Wind
    124. Converter
    125. Wind ×3
    126. Converter
    127. Con turret
    128. Wind ×6
    129. Converter
    130. Wind
    131. Con turret
    132. Wind
    133. Converter
    134. Wind ×2
    135. Con turret
    136. Wind ×2

Counts are medians over the build's games: half of them build more, half fewer. The example game is GeeGee's (36 OS, 13/09/2026); pick another.

Team trades

IN AT LEAST 30% OF ITS GAMES

You hand over

  • Lazarus1 Lazarus to Beach sea or Suicide frontfirst at 2:14 · in 69% of games
  • Construction Bot1 Con bot to Beach sea or Airfirst at 2:21 · in 88% of games
  • Advanced Construction Bot2 T2 con bot to Suicide front or Front or Airfirst at 8:02 · in 69% of games

You get

  • Hercules1 Light transport from Airfirst at 3:56 · in 44% of games
  • Advanced Construction Bot1 T2 con bot from Techfirst at 4:56 · in 69% of games

How it plays out

Typical game of this build against the role’s standard build, running totals by minute

  • This build
  • Standard geo

Metal produced

020k40k
0:005:0010:0015:00

metal

Enemy metal destroyed

05k10k15k
0:005:0010:0015:00

metal

Own metal lost

02.5k5k7.5k
0:005:0010:0015:00

metal

16 games.

Show as table
ByMetal produced: This buildMetal produced: Standard geoEnemy metal destroyed: This buildEnemy metal destroyed: Standard geoOwn metal lost: This buildOwn metal lost: Standard geo
1:003503330000
2:008438250000
3:00149915230000
4:00270227000000
5:00383337260000
6:00558057290000
7:0075288130320690
8:0098271145932017621
9:00131701448914751245130
10:001621617405908565320280
11:001944220377201120741470790
12:0021522233053344394018711940
13:0024930260624689596130053304
14:0027816289884885832138224785
15:00314443149764801017250146196
WHAT THE NUMBERS SAY

This sniper rush for Geo won less often than the standard build and destroyed less enemy metal by 15:00 despite matching production.

  • + Metal produced by 10:00 was 16366 vs 17376, nearly matching the standard.
  • + Own metal lost by 10:00 was 283 vs 334, slightly safer than normal.
  • − Team won only 35% of games vs 53% for the standard build.
  • − Enemy metal destroyed by 15:00 was 6983 vs 9875, well below the norm.
THE EXAMPLE YOU ARE READING

GeeGee

36.4 OS · 13/09/2026

Open source match ↗

2 received units
1855 metal received · 69852 energy received

Allied construction assistance is unknown. Timings are observations, not a promise of solo reproducibility.

Typical milestones

Bot Lab1:08Middle 50%: 0:54–1:20 · n=16
Geothermal Powerplant3:24Middle 50%: 3:10–3:52 · n=14
Advanced Metal Extractor5:44Middle 50%: 5:25–6:04 · n=16
Advanced Bot Lab7:45Middle 50%: 5:25–8:50 · n=16
Advanced Geothermal Powerplant8:10Middle 50%: 7:10–8:30 · n=11
Sharpshooter8:27Middle 50%: 7:44–9:14 · n=16

Played most by

Immort4games of this buildhaaven3games of this build_X_1game of this buildGeeGee1game of this buildKcorp1game of this build